 Dungeon Crawl Stone Soup version 0.30.0-29-ga12c61a403 (webtiles) character file.

Game seed: 2794702239136265020

1335 qw the Chopper (level 8, -4/49 HPs)
             Began as a Gargoyle Fighter on June 4, 2023.
             Slain by an acid dragon (9 damage)
             ... on level 6 of the Dungeon.
             The game lasted 00:03:16 (5638 turns).

qw the Chopper (Gargoyle Fighter)                   Turns: 5638, Time: 00:03:17

Health: -4/49      AC: 10    Str: 21    XL:     8   Next: 61%
Magic:  8/8        EV: 11    Int: 10    God:
Gold:   129        SH:  4    Dex:  9    Spells: 7/7 levels left

rFire   . . .        Y - +2 war axe
rCold   . . .        c - +0 buckler
rNeg    + . .        i - +0 plate armour
rPois   inf          (no helmet)
rElec   +            (no cloak)
rCorr   .            h - +0 pair of gloves
SInv    .            m - +2 pair of boots
Will    .....        (no amulet) Stlth
                     b - +5 ring of evasion
HPRegen 0.28/turn    (no ring)
MPRegen 0.11/turn

%: no passive effects
@: corroded
A: sickness immunity, AC +5, negative energy resistance 1, electricity
resistance, torment resistance 1, petrification resistance
a: no special abilities


You were on level 6 of the Dungeon.
You visited 1 branch of the dungeon, and saw 6 of its levels.
You also visited: Sewer.

You collected 233 gold pieces.
You spent 104 gold pieces at shops.


Innate Abilities, Weirdness & Mutations

You are immune to sickness and miasma.
Your stone body is resilient. (AC +5)
You are immune to poison.
You resist negative energy. (rN+)
You are resistant to electric shocks. (rElec)
You are resistant to unholy torment.
You are immune to petrification.


   Skills:
 - Level 5.0 Fighting
 + Level 7.6 Axes
 - Level 2.0 Throwing
 - Level 5.3 Armour
 - Level 1.2 Dodging
 - Level 3.2 Shields


You had 7 spell levels left.
You didn't know any spells.
Your spell library was empty.

Inventory:

Hand Weapons
 k - a +0 morningstar
 Y - a +2 war axe (weapon)
Missiles
 r - a javelin (quivered)
Armour
 c - a +0 buckler (worn)
 h - a +0 pair of gloves (worn)
 i - a +0 plate armour (worn)
 m - a +2 pair of boots (worn)
Jewellery
 b - a +5 ring of evasion (left hand)
 f - a ring of ice
 q - an amulet of reflection
Wands
 o - a wand of digging (11)
Scrolls
 a - 2 scrolls of identify
 p - a scroll of summoning {unknown}
Potions
 d - a potion of might
 e - a potion of berserk rage {unknown}
 g - a potion of cancellation {unknown}
 j - a potion of curing
 l - a potion of haste {unknown}
 n - a potion of magic {unknown}

Dungeon Overview and Level Annotations

Branches:
Dungeon (6/15)              Sewer (visited)
 Temple: D:4-7

Altars:
Cheibriados
The Shining One

Shops:
D:4 **


Message History

You barely miss the acid dragon.
The acid dragon is moderately wounded.
The acid dragon closely misses you. You block the acid dragon's attack.
You hit the acid dragon.
The acid dragon is heavily wounded.
The acid dragon closely misses you. The acid dragon claws you.
You hit the acid dragon but do no damage.
The acid dragon is heavily wounded.
The acid dragon bites you but does no damage.
The acid dragon misses you. The acid dragon completely misses you.
The acid dragon claws you.
You closely miss the acid dragon.
The acid dragon is heavily wounded.
The acid dragon spits acid at you. The splash of acid hits you.
You hit the acid dragon but do no damage.
The acid dragon is moderately wounded.
The acid dragon bites you but does no damage.
The acid dragon claws you but does no damage.
You hit the acid dragon but do no damage.
The acid dragon is moderately wounded.
The acid dragon closely misses you.
The acid dragon claws you but does no damage.
You hit the acid dragon.
The acid dragon is heavily wounded.
An adder comes into view.
The acid dragon bites you but does no damage.
The acid dragon claws you but does no damage.
You closely miss the acid dragon.
The acid dragon is heavily wounded.
The acid dragon barely misses you. The acid dragon claws you.
You barely miss the acid dragon.
The acid dragon is heavily wounded.
The acid dragon bites you but does no damage.
The acid dragon completely misses you. The adder bites you but does no damage.
You barely miss the acid dragon.
The acid dragon is heavily wounded.
You miss the adder. The acid dragon bites you!
You die...

# ####
##################...#
.....................#
################@#####
#....SD# #....$.#
#......# #..$....
......)#. #.##### # #.


You could see an acid dragon and an adder.

Vanquished Creatures
  Menkaure (D:5)
  A water moccasin (D:4)
  An ogre (D:5)
  Blork the orc (D:5)
  A bullfrog (Sewer)
  4 scorpions
  A crimson imp (D:4)
  4 hounds
  An orc priest (D:5)
  3 sleepcaps (D:4)
  3 iguanas (D:5)
  16 adders
  A white imp (D:3)
  An ufetubus (D:5)
  4 worms
  2 dart slugs
  14 orcs
  8 endoplasms
  17 giant cockroaches
  6 hobgoblins
  21 jackals
  8 quokkas
  6 ball pythons
  5 bats
  8 frilled lizards
  7 goblins
  A goblin skeleton (D:4)
  3 goblin zombies (D:4)
  5 kobolds
  A kobold skeleton (D:4)
  A kobold zombie (D:4)
  An orc skeleton (D:4)
  3 orc zombies (D:4)
  5 rats
165 creatures vanquished.

Notes
Turn   | Place    | Note
-------+----------+-------------------------------------------
     0 | D:1      | qw the Gargoyle Fighter began the quest for the Orb.
     0 | D:1      | Reached XP level 1. HP: 14/14 MP: 1/1
     0 | D:1      | 0 ||| qw: Version: 0.2-a-107-g4668610
     0 | D:1      | 0 ||| qw: Game counter: 1252
     0 | D:1      | 0 ||| qw: Always use a shield: true
     0 | D:1      | 0 ||| qw: God list: Okawaru
     0 | D:1      | 0 ||| qw: Allow faded altars: false
     0 | D:1      | 0 ||| qw: Do Orc after D:15 true
     0 | D:1      | 0 ||| qw: Do second Lair branch before Depths: true
     0 | D:1      | 0 ||| qw: Lair rune preference: random
     0 | D:1      | 0 ||| qw: Plans: Normal, Zot:1-4, Slime:5, God:TSO, Crypt,
                  | Tomb, Abyss, Pan, Hells, Win
     0 | D:1      | 0 ||| PLANNING D:1-11
    31 | D:1      | Reached skill level 2 in Axes
   102 | D:1      | Reached XP level 2. HP: 19/19 MP: 2/2
   451 | D:1      | Reached skill level 3 in Axes
   574 | D:1      | Reached XP level 3. HP: 23/23 MP: 3/3
   650 | D:1      | 650 ||| Stepping ~*~*~tactically~*~*~ (stealth).
   665 | D:1      | Found a faded altar of an unknown god.
   722 | D:1      | 722 ||| READING scroll labelled FAGASUROAR.
   736 | D:1      | 736 ||| READING scroll labelled PUPHYS RABY.
   737 | D:1      | 737 ||| READING 2 scrolls labelled LIAGGU MICHIA.
   738 | D:1      | 738 ||| DROPPING scroll of noise.
   746 | D:2      | 746 ||| STAIRDANCE
   762 | D:1      | Reached skill level 1 in Throwing
   779 | D:2      | Found a snail-covered altar of Cheibriados.
   820 | D:2      | 820 ||| DROPPING +0 club.
   937 | D:2      | 937 ||| Stepping ~*~*~tactically~*~*~ (stealth).
   941 | D:2      | 941 ||| Stepping ~*~*~tactically~*~*~ (stealth).
   943 | D:2      | 943 ||| Stepping ~*~*~tactically~*~*~ (stealth).
  1000 | D:2      | Reached XP level 4. HP: 26/28 MP: 4/4
  1054 | D:2      | 1054 ||| Stepping ~*~*~tactically~*~*~ (stealth).
  1055 | D:2      | 1055 ||| Stepping ~*~*~tactically~*~*~ (stealth).
  1595 | D:2      | 1595 ||| READING 2 scrolls labelled TEPNUFA GUENUV.
  1596 | D:2      | 1596 ||| READING scroll labelled UBINLIH ZYNT.
  1597 | D:2      | 1597 ||| READING scroll labelled LADAWU WUOSM.
  1652 | D:3      | 1652 ||| Stepping ~*~*~tactically~*~*~ (hiding).
  1795 | D:3      | 1795 ||| Stepping ~*~*~tactically~*~*~ (stealth).
  1797 | D:3      | 1797 ||| Stepping ~*~*~tactically~*~*~ (stealth).
  1802 | D:3      | 1802 ||| Stepping ~*~*~tactically~*~*~ (stealth).
  1804 | D:3      | 1804 ||| Stepping ~*~*~tactically~*~*~ (stealth).
  1806 | D:3      | 1806 ||| Stepping ~*~*~tactically~*~*~ (stealth).
  1808 | D:3      | 1808 ||| Stepping ~*~*~tactically~*~*~ (stealth).
  1810 | D:3      | 1810 ||| Stepping ~*~*~tactically~*~*~ (stealth).
  1812 | D:3      | 1812 ||| Stepping ~*~*~tactically~*~*~ (stealth).
  1814 | D:3      | 1814 ||| Stepping ~*~*~tactically~*~*~ (stealth).
  1817 | D:3      | 1817 ||| Stepping ~*~*~tactically~*~*~ (stealth).
  1818 | D:3      | 1818 ||| Stepping ~*~*~tactically~*~*~ (stealth).
  1820 | D:3      | 1820 ||| Stepping ~*~*~tactically~*~*~ (hiding).
  1926 | D:3      | Found a snail-covered altar of Cheibriados.
  1962 | D:3      | Reached skill level 4 in Axes
  2160 | D:3      | Reached XP level 5. HP: 32/32 MP: 5/5
  2717 | D:3      | 2717 ||| UPGRADING to +0 chain mail.
  2727 | D:3      | 2727 ||| DROPPING +0 scale mail.
  2728 | D:3      | 2728 ||| UPGRADING to +2 pair of boots.
  2733 | D:3      | 2733 ||| READING scroll labelled NAOHIARACEPH.
  2734 | D:3      | 2734 ||| READING scroll labelled OCATORUHAG.
  2735 | D:3      | 2735 ||| READING 2 scrolls labelled HASUAS APACIU.
  2739 | D:3      | 2739 ||| DRINKING 2 brown potions.
  2740 | D:3      | 2740 ||| DROPPING potion of degeneration.
  2773 | D:4      | 2773 ||| PLANNING SEWER
  2787 | D:4      | 2787 ||| Stepping ~*~*~tactically~*~*~ (stealth).
  2800 | D:4      | 2800 ||| Stepping ~*~*~tactically~*~*~ (stealth).
  2813 | D:4      | Reached skill level 5 in Axes
  2813 | D:4      | Reached XP level 6. HP: 33/37 MP: 6/6
  2837 | D:4      | Found a glowing golden altar of the Shining One.
  2840 | D:4      | 2840 ||| Stepping ~*~*~tactically~*~*~ (stealth).
  2853 | D:4      | 2853 ||| Stepping ~*~*~tactically~*~*~ (stealth).
  2859 | D:4      | 2859 ||| Stepping ~*~*~tactically~*~*~ (stealth).
  2860 | D:4      | 2860 ||| Stepping ~*~*~tactically~*~*~ (stealth).
  2942 | D:4      | Found Koomullo's General Store.
  2953 | D:4      | 2953 ||| BUYING scroll of enchant weapon (82 gold).
  2953 | D:4      | Bought a scroll of enchant weapon for 82 gold pieces
  2953 | D:4      | 2953 ||| BUYING scroll of identify (22 gold).
  2953 | D:4      | Bought a scroll of identify for 22 gold pieces
  2953 | D:4      | 2953 ||| READING scroll of enchant weapon.
  2953 | D:4      | 2953 ||| ENCHANTING +1 war axe.
  3142 | D:4      | 3142 ||| Stepping ~*~*~tactically~*~*~ (stealth).
  3217 | D:4      | Reached skill level 6 in Axes
  3226 | D:4      | 3226 ||| Stepping ~*~*~tactically~*~*~ (stealth).
  3228 | D:4      | 3228 ||| Stepping ~*~*~tactically~*~*~ (stealth).
  3235 | D:4      | Found a glowing drain.
  3236 | D:4      | 3236 ||| READING scroll labelled UDAMIN KEJOPHU.
  3237 | D:4      | 3237 ||| DRINKING 2 pink potions.
  3238 | D:4      | 3238 ||| READING 2 scrolls of identify.
  3238 | D:4      | 3238 ||| IDENTIFYING purple potion
  3239 | D:4      | 3239 ||| Stepping ~*~*~tactically~*~*~ (stealth).
  3262 | Sewer    | Entered a sewer
  3280 | Sewer    | 3280 ||| Stepping ~*~*~tactically~*~*~ (water).
  3306 | Sewer    | Reached XP level 7. HP: 39/43 MP: 7/7
  3581 | Sewer    | HP: 9/43 [bullfrog (3)]
  3582 | Sewer    | 3582 ||| READING scroll of teleportation.
  3583 | Sewer    | 3583 ||| DRINKING potion of heal wounds.
  3735 | Sewer    | 3735 ||| Stepping randomly (stuck).
  3959 | Sewer    | 3959 ||| DROPPING scarf of harm.
  3960 | Sewer    | 3960 ||| READING 2 scrolls labelled HIM DAARUMENA.
  3961 | Sewer    | 3961 ||| DROPPING scroll of amnesia.
  3981 | D:4      | 3981 ||| PLANNING D:1-11
  4038 | D:4      | Reached skill level 1 in Dodging
  4050 | D:4      | 4050 ||| Stepping ~*~*~tactically~*~*~ (stealth).
  4056 | D:4      | 4056 ||| Stepping ~*~*~tactically~*~*~ (stealth).
  4066 | D:4      | 4066 ||| Stepping ~*~*~tactically~*~*~ (stealth).
  4259 | D:4      | Found Heju's Serpentskin Sales.
  4270 | D:4      | Reached skill level 7 in Axes
  4308 | D:4      | 4308 ||| SHOPLISTING +2 whip of venom (210 gold, have 97).
  4357 | D:4      | 4357 ||| UPGRADING to +0 plate armour.
  4367 | D:4      | 4367 ||| DROPPING +0 chain mail.
  4368 | D:4      | 4368 ||| UPGRADING to +5 ring of evasion.
  4369 | D:4      | 4369 ||| READING 2 scrolls of identify.
  4369 | D:4      | 4369 ||| IDENTIFYING lumpy pink potion
  4370 | D:4      | 4370 ||| DROPPING potion of flight.
  4402 | D:5      | Entered Level 5 of the Dungeon
  4428 | D:5      | Noticed Menkaure
  4429 | D:5      | 4429 ||| Stepping ~*~*~tactically~*~*~ (hiding).
  4430 | D:5      | 4430 ||| Stepping ~*~*~tactically~*~*~ (hiding).
  4431 | D:5      | 4431 ||| Stepping ~*~*~tactically~*~*~ (hiding).
  4432 | D:5      | 4432 ||| Stepping ~*~*~tactically~*~*~ (hiding).
  4434 | D:5      | 4434 ||| Stepping ~*~*~tactically~*~*~ (hiding).
  4440 | D:5      | Killed Menkaure
  4441 | D:5      | Reached XP level 8. HP: 39/48 MP: 8/8
  4664 | D:5      | Noticed Blork the orc
  4665 | D:5      | 4665 ||| Stepping ~*~*~tactically~*~*~ (hiding).
  4672 | D:5      | Killed Blork the orc
  4977 | D:5      | 4977 ||| FLEEEEING.
  4978 | D:5      | 4978 ||| FLEEEEING.
  4979 | D:5      | 4979 ||| FLEEEEING.
  5213 | D:5      | 5213 ||| DROPPING +0 whip of electrocution.
  5427 | D:5      | 5427 ||| UPGRADING to +0 pair of gloves.
  5432 | D:5      | 5432 ||| DROPPING +6 ring of intelligence.
  5433 | D:5      | 5433 ||| READING scroll labelled ODIOCKISIH.
  5631 | D:6      | HP: 9/49 [acid dragon (4)]
  5636 | D:6      | HP: 5/49 [acid dragon (4)]
  5638 | D:6      | Slain by an acid dragon

Levels and vault maps discovered:
D:1:      scummos_arrival_forest, layout_basic,
          shapermc_ecumenical_altar_hornbeckon
D:2:      layout_loops_corners, basic_altar
D:3:      layout_loops_corners, slow_altar_1
D:4:      layout_basic, nicolae_tso_besieged_by_evil, portal_sewer_entry_f,
          serial_shops, shop, guppyfry_shop_venom
D:5:      layout_gridville, kennysheep_cross_room, saegor_snake_ambush,
          uniq_blork_the_orc, uniq_menkaure
D:6:      layout_rooms, dreamdust_mushroom_princess, reono_crystal_passage,
          kennysheep_nondescript

Skill      XL: |  1  2  3  4  5  6  7  8 |
---------------+-------------------------+-----
Axes           | 2 3 4 5 6 7 |  7.6
Throwing       | 1 2 |  2.0
Fighting       | 4 5 |  5.0
Dodging        | 1 |  1.2
Armour         | 4 5 |  5.3
Shields        | |  3.2

Action                     |  1- 3 |  4- 6 |  7- 9 || total
---------------------------+-------+-------+-------++-------
  Melee: War axe           |   110 |   220 |   194 ||   524
  Throw: Javelin           |    16 |    32 |    12 ||    60
    Use: Scroll            |     3 |     9 |     4 ||    16
         Potion            |       |     2 |     1 ||     3
 Armour: Scale mail        |    64 |    44 |       ||   108
         Chain mail        |       |    79 |   115 ||   194
         Plate armour      |       |       |    46 ||    46
  Dodge: Dodged            |    63 |    71 |   115 ||   249
  Block: Buckler           |    17 |    42 |    42 ||   101

Table legend:
 A = Non-vault XP
 B = Vault XP
 C = Vault XP percentage of total XP
 D = Non-vault monster count
 E = Vault monster count
 F = Vault count percentage of total count
                 A         B        C        D         E       F
            +---------+---------+-------+---------+---------+-------
      Total |    1202 |     706 |  37.0 |     116 |      49 |  29.7
            +---------+---------+-------+---------+---------+-------
        D:1 |      54 |       0 |   0.0 |      25 |       0 |   0.0
        D:2 |      60 |       0 |   0.0 |      18 |       0 |   0.0
        D:3 |      80 |       5 |   5.9 |      24 |       1 |   4.0
        D:4 |     475 |     257 |  35.1 |      30 |      21 |  41.2
        D:5 |     353 |     260 |  42.4 |      16 |       2 |  11.1
        D:6 |     180 |       0 |   0.0 |       3 |       0 |   0.0
      Sewer |       0 |     184 | 100.0 |       0 |      25 | 100.0
            +---------+---------+-------+---------+---------+-------
